 Dungeon Crawl Stone Soup version 0.30.0-20-g3615ddf2f0 (webtiles) character file.

Game seed: 6685591796992874888

41250 qw the Severer (level 14, -2/92 HPs)
             Began as a Gargoyle Fighter on May 27, 2023.
             Slain by a dire elephant (21 damage)
             ... on level 5 of the Lair of Beasts.
             The game lasted 00:09:52 (15945 turns).

qw the Severer (Gargoyle Fighter)                  Turns: 15945, Time: 00:09:52

Health: -2/92      AC: 40    Str: 26    XL:     14   Next: 14%
Magic:  14/14      EV: 13    Int:  8    God:
Gold:   1257       SH: 12    Dex:  9    Spells: 13/13 levels left

rFire   . . .        Y - +0 broad axe (chaos)
rCold   . . .        A - +2 buckler
rNeg    + . .        m - +0 plate armour
rPois   inf          l - +2 helmet
rElec   +            (no cloak)
rCorr   .            b - +2 pair of gloves
SInv    .            o - +2 pair of boots
Will    +....        n - amulet of reflection Stlth
                     e - +5 ring of evasion
HPRegen 0.35/turn    (no ring)
MPRegen 0.14/turn

%: reflection
@: about to teleport, flying
A: sickness immunity, AC +10, big wings, negative energy resistance 1,
electricity resistance, torment resistance 1, petrification resistance,
iridescent scales 2, wild magic 1
a: no special abilities


You were on level 5 of the Lair of Beasts.
You visited 3 branches of the dungeon, and saw 17 of its levels.

You collected 1257 gold pieces.


Innate Abilities, Weirdness & Mutations

You are immune to sickness and miasma.
Your stone body is resilient. (AC +10)
You are immune to poison.
Your large and strong wings let you fly.
You resist negative energy. (rN+)
You are resistant to electric shocks. (rElec)
You are resistant to unholy torment.
You are immune to petrification.
You are mostly covered in iridescent scales. (AC +4)
Your spells are a little harder to cast, but a little more powerful.


   Skills:
 - Level 12.0 Fighting
 - Level 16.0 Axes
 - Level 2.8 Throwing
 + Level 11.7 Armour
 - Level 3.0 Dodging
 - Level 8.2 Shields


You had 13 spell levels left.
You didn't know any spells.
Your spell library was empty.

Inventory:

Hand Weapons
 u - a +0 demon whip of venom
 Y - a +0 broad axe of chaos (weapon)
Armour
 b - a +2 pair of gloves (worn)
 l - a +2 helmet (worn)
 m - a +0 plate armour (worn)
 o - a +2 pair of boots (worn)
 v - the +2 leather armour "Rexesax" {rF+ rCorr Int+6 SInv}
   (You found it on level 2 of the Lair of Beasts)

   Int:       It affects your intelligence (+6).
   rF:        It protects you from fire.
   SInv:      It lets you see invisible.
   rCorr:     It protects you from acid and corrosion.
 y - +0 ice dragon scales
 A - a +2 buckler (worn)
Jewellery
 e - a +5 ring of evasion (left hand)
 n - an amulet of reflection (around neck)
 p - a ring of fire
 q - a ring of ice
 t - the ring of Teediath {Ice rN+ rCorr Str-2 Int+2}
   (You found it on level 10 of the Dungeon)

   [ring of ice]

   It enhances your ice magic.
   Str:       It affects your strength (-2).
   Int:       It affects your intelligence (+2).
   rF:        It makes you vulnerable to fire.
   rC:        It protects you from cold.
   rN:        It protects you from negative energy.
   rCorr:     It protects you from acid and corrosion.
 x - a ring of ice
Wands
 f - a wand of digging (7)
Scrolls
 a - 18 scrolls of identify
 k - 5 scrolls of teleportation
Potions
 d - 7 potions of might
 g - 4 potions of haste
 h - 4 potions of mutation
 i - 13 potions of curing
 j - a potion of lignification
 r - 3 potions of heal wounds
 s - 2 potions of resistance
 w - a potion of attraction

Dungeon Overview and Level Annotations

Branches:
Dungeon (11/15)            Temple (1/1) D:6            Lair (5/5) D:11
 Shoals (0/4) Lair:3        Snake (0/4) Lair:3        Slime (0/5) Lair:5
    Orc (0/2) D:9

Altars:
Ashenzari
Cheibriados
Dithmenos
Elyvilon
Fedhas
Gozag
Hepliaklqana
Kikubaaqudgha
Makhleb
Nemelex Xobeh
Qazlal
Ru
Sif Muna
Trog
Uskayaw
Vehumet
Wu Jian
Xom
Yredelemnul
Zin
The Shining One
Jiyva

Shops:
D:7 :

Annotations:
D:3 1 runed translucent door, Crazy Yiuf
D:6 1 runed translucent door, qw's ghost, novice GrFi
D:10 1 runed translucent door, qw's ghost, novice GrCA


Message History

The dire elephant tramples you!!
You are shoved backwards!
You hit the dire elephant.
Nothing appears to happen.
The dire elephant is heavily wounded.
The dire elephant barely misses you. You block the dire elephant's attack.
The dire elephant tramples you but does no damage.
The dire elephant trunk-slaps you but does no damage.
You hit the dire elephant.
Nothing appears to happen.
The dire elephant is heavily wounded.
You block the dire elephant's attack. The dire elephant trunk-slaps you.
You hit the dire elephant.
The dire elephant is heavily wounded.
The dire elephant misses you.
The dire elephant trunk-slaps you but does no damage.
You hit the dire elephant but do no damage.
The dire elephant is heavily wounded.
The dire elephant completely misses you.
The dire elephant trunk-slaps you but does no damage.
You slice the dire elephant!!
You feel better.
The dire elephant is severely wounded.
The dire elephant tramples you but does no damage.
You block the dire elephant's attack. x2; The dire elephant trunk-slaps you!
You hit the dire elephant. You freeze the dire elephant.
The dire elephant is severely wounded.
The dire elephant barely misses you.
The dire elephant trunk-slaps you but does no damage.
You slash the dire elephant!
You feel better.
The dire elephant is severely wounded.
The dire elephant closely misses you.
The dire elephant trunk-slaps you but does no damage.
You barely miss the dire elephant.
The dire elephant is severely wounded.
The dire elephant tramples you.
You are shoved backwards!
You slash the dire elephant! You freeze the dire elephant.
The dire elephant is almost dead.
The dire elephant tramples you!
You are shoved backwards!
15945 ||| READING 6 scrolls of teleportation.
As you read the scroll of teleportation, it crumbles to dust.
You feel strangely unstable. The dire elephant tramples you!!
You die...

#####....#.#.~~~~~# #
##...#.#~~~~Y~# #
#....#.##~~~.[ #
###..#..#~...# ##
#PPP##.####'## P##
#P..7#P.P#8.8# ..#
#...P###.#...# ..##
##....##.##Y.####
...###.....7#..#@.'..#
....#......7##.#P.'..###
#.........P7 #.####..P.#
.......(..7# #....'...##
.#.......P# ###..'....#
......#P.7# +..8#....#
......#P.# #####...##
....###..# ##..# ..###
#..# ...#


You could see 2 dire elephants.

Vanquished Creatures
  Gastronok (D:11)
  2 hydras
  Erica (D:8)
  A boulder beetle (D:11)
  3 two-headed ogres
  7 death yaks
  Nergalle (D:11)
  A skyshark (Lair:5)
  A spectral anaconda (Lair:5)
  A cyclops (D:11)
  3 elephants (Lair:1)
  9 cane toads
  6 black mambas
  A gargoyle (D:10)
  2 rime drakes
  A kobold demonologist (D:10)
  6 komodo dragons
  2 trolls (D:11)
  21 blink frogs
  3 polar bears
  4 hornets
  A shadow (D:11)
  3 wraiths
  6 wyverns
  31 yaks
  2 basilisks
  A death yak simulacrum (Lair:5)
  7 vampire mosquitoes
  Menkaure (D:5)
  An acid dragon (D:10)
  16 water moccasins
  4 orc warriors
  A swamp drake (Lair:4)
  8 black bears
  2 ice beasts (D:7)
  2 ogres
  11 wolves
  5 centaurs
  An elephant skeleton (Lair:5)
  Blork the orc (D:5)
  5 kobold brigands
  7 bullfrogs
  3 necrophages (D:6)
  2 gnoll sergeants
  A cane toad simulacrum (Lair:5)
  A scorpion (D:4)
  A water moccasin zombie (D:6)
  28 wights
  3 killer bees (D:11)
  An electric eel (D:9)
  2 howler monkeys (D:8)
  2 bullfrog zombies (D:6)
  A hound (D:7)
  A human zombie (D:6)
  8 orc priests
  3 jellies
  Jessica (D:3)
  2 iguanas
  3 sleepcaps
  Terence (D:3)
  12 orc wizards
  A killer bee zombie (D:6)
  A mummy (D:6)
  Robin (D:2)
  11 gnolls
  6 adders
  2 shadow imps
  2 white imps
  2 worms
  3 dart slugs
  44 orcs
  9 ball pythons
  8 endoplasms
  A giant cockroach (D:1)
  12 hobgoblins
  2 quokkas
  6 bats
  3 frilled lizards
  8 goblins
  28 kobolds
  4 rats
  A spectral hobgoblin (D:2)
424 creatures vanquished.

Vanquished Creatures (others)
  A wight (D:9)
  2 orc wizards (D:7)
3 creatures vanquished.

Grand Total: 427 creatures vanquished

Notes
Turn   | Place    | Note
-------+----------+-------------------------------------------
     0 | D:1      | qw the Gargoyle Fighter began the quest for the Orb.
     0 | D:1      | Reached XP level 1. HP: 14/14 MP: 1/1
     0 | D:1      | 0 ||| qw: Version: 0.2-a-99-gce666ed
     0 | D:1      | 0 ||| qw: Game counter: 129
     0 | D:1      | 0 ||| qw: Always use a shield: true
     0 | D:1      | 0 ||| qw: God list: Okawaru
     0 | D:1      | 0 ||| qw: Allow faded altars: false
     0 | D:1      | 0 ||| qw: Do Orc after D:15 true
     0 | D:1      | 0 ||| qw: Do second Lair branch before Depths: true
     0 | D:1      | 0 ||| qw: Lair rune preference: random
     0 | D:1      | 0 ||| qw: Plans: Normal, Zot:1-4, God:TSO, Crypt, Tomb,
                  | Pan, Slime:5, Hells, Abyss, Win
     0 | D:1      | 0 ||| PLANNING D:1-11
    50 | D:1      | Reached skill level 2 in Axes
    56 | D:1      | 56 ||| DROPPING +1 heavy hand axe.
   169 | D:1      | Reached XP level 2. HP: 15/19 MP: 2/2
   680 | D:1      | Reached skill level 3 in Axes
   798 | D:1      | 798 ||| READING 2 scrolls labelled SODIABLEKANT.
   799 | D:1      | 799 ||| READING scroll labelled ZUTAD NASUTU.
   800 | D:1      | 800 ||| READING scroll labelled KEUN NICWEYJ.
   801 | D:1      | 801 ||| READING 3 scrolls labelled NUIDIMA XOPPA.
   911 | D:2      | Reached XP level 3. HP: 13/23 MP: 3/3
  1023 | D:2      | 1023 ||| Stepping ~*~*~tactically~*~*~ (hiding).
  1129 | D:2      | Identified the +3 spear "Ruxemo" {pain, *Noise Fragile
                  | Dex+7 SInv}
  1332 | D:2      | 1332 ||| Stepping ~*~*~tactically~*~*~ (stealth).
  1333 | D:2      | 1333 ||| Stepping ~*~*~tactically~*~*~ (stealth).
  1338 | D:2      | Noticed Robin
  1349 | D:2      | Killed Robin
  1351 | D:2      | Reached XP level 4. HP: 28/28 MP: 4/4
  1352 | D:2      | 1352 ||| Stepping ~*~*~tactically~*~*~ (hiding).
  1415 | D:2      | 1415 ||| Stepping ~*~*~tactically~*~*~ (hiding).
  1416 | D:2      | 1416 ||| Stepping ~*~*~tactically~*~*~ (hiding).
  1640 | D:2      | 1640 ||| Stepping ~*~*~tactically~*~*~ (stealth).
  1641 | D:2      | 1641 ||| Stepping ~*~*~tactically~*~*~ (stealth).
  1646 | D:2      | Reached skill level 4 in Axes
  1673 | D:2      | 1673 ||| Stepping ~*~*~tactically~*~*~ (stealth).
  1674 | D:2      | 1674 ||| Stepping ~*~*~tactically~*~*~ (stealth).
  1680 | D:2      | 1680 ||| Stepping ~*~*~tactically~*~*~ (stealth).
  1691 | D:2      | Found a faded altar of an unknown god.
  1777 | D:2      | 1777 ||| UPGRADING to +0 chain mail.
  1787 | D:2      | 1787 ||| DROPPING +0 scale mail.
  1788 | D:2      | 1788 ||| UPGRADING to +0 helmet.
  1793 | D:2      | 1793 ||| UPGRADING to +5 ring of evasion.
  1794 | D:2      | 1794 ||| READING scroll labelled MANNIATR YLIYL.
  1885 | D:3      | Noticed Jessica
  1892 | D:3      | Killed Jessica
  1894 | D:3      | Reached XP level 5. HP: 27/32 MP: 5/5
  1992 | D:3      | 1992 ||| DROPPING +0 whip.
  1999 | D:3      | Found a sparkling altar of Nemelex Xobeh.
  2019 | D:3      | 2019 ||| READING scroll of enchant armour.
  2019 | D:3      | 2019 ||| ENCHANTING +0 helmet.
  2109 | D:3      | 2109 ||| Stepping ~*~*~tactically~*~*~ (hiding).
  2241 | D:3      | Noticed Terence
  2248 | D:3      | Killed Terence
  2249 | D:3      | Reached skill level 5 in Axes
  2321 | D:3      | Found a runed translucent door.
  2322 | D:3      | Noticed Crazy Yiuf
  2326 | D:3      | 2326 ||| DROPPING +2 hammer of holy wrath.
  2382 | D:3      | 2382 ||| READING scroll of enchant armour.
  2382 | D:3      | 2382 ||| ENCHANTING +1 helmet.
  2400 | D:3      | 2400 ||| DRINKING 2 golden potions.
  2400 | D:3      | Gained mutation: You are partially covered in iridescent
                  | scales. (AC +2) [potion of mutation]
  2400 | D:3      | Gained mutation: Your spells are a little harder to cast,
                  | but a little more powerful. [potion of mutation]
  2400 | D:3      | Gained mutation: You are mostly covered in iridescent
                  | scales. (AC +4) [potion of mutation]
  2695 | D:4      | Reached XP level 6. HP: 38/38 MP: 6/6
  2727 | D:4      | 2727 ||| Stepping ~*~*~tactically~*~*~ (stealth).
  2728 | D:4      | 2728 ||| Stepping ~*~*~tactically~*~*~ (stealth).
  2916 | D:4      | 2916 ||| Stepping ~*~*~tactically~*~*~ (hiding).
  3217 | D:4      | 3217 ||| DROPPING +2 whip of freezing.
  3237 | D:4      | 3237 ||| Stepping ~*~*~tactically~*~*~ (stealth).
  3434 | D:4      | 3434 ||| READING 2 scrolls labelled NANKIU VUPLENT.
  3435 | D:4      | 3435 ||| READING 4 scrolls of identify.
  3435 | D:4      | 3435 ||| IDENTIFYING white potion
  3436 | D:4      | 3436 ||| READING 3 scrolls of identify.
  3436 | D:4      | 3436 ||| IDENTIFYING inky potion
  3437 | D:4      | 3437 ||| DROPPING scroll of magic mapping.
  3450 | D:5      | Entered Level 5 of the Dungeon
  4055 | D:5      | Noticed Menkaure
  4056 | D:5      | 4056 ||| Stepping ~*~*~tactically~*~*~ (hiding).
  4067 | D:5      | Killed Menkaure
  4068 | D:5      | Reached skill level 6 in Axes
  4072 | D:5      | Noticed Blork the orc
  4073 | D:5      | 4073 ||| FLEEEEING.
  4074 | D:5      | 4074 ||| FLEEEEING.
  4197 | D:5      | Killed Blork the orc
  4198 | D:5      | Reached skill level 1 in Dodging
  4198 | D:5      | Reached XP level 7. HP: 37/43 MP: 7/7
  4220 | D:5      | 4220 ||| SWAPPING to +0 vampiric hand axe.
  4233 | D:5      | 4233 ||| DROPPING +1 scale mail of positive energy.
  4234 | D:5      | 4234 ||| READING scroll labelled SEUKHI UMIU.
  4304 | D:6      | 4304 ||| Stepping ~*~*~tactically~*~*~ (stealth).
  4306 | D:6      | 4306 ||| Stepping ~*~*~tactically~*~*~ (hiding).
  4307 | D:6      | 4307 ||| Stepping ~*~*~tactically~*~*~ (hiding).
  4308 | D:6      | 4308 ||| Stepping ~*~*~tactically~*~*~ (hiding).
  4388 | D:6      | Found a glowing silver altar of Zin.
  4423 | D:6      | Reached skill level 7 in Axes
  4448 | D:6      | Reached XP level 8. HP: 46/49 MP: 8/8
  4476 | D:6      | Noticed qw's ghost (novice GrFi)
  4562 | D:6      | Found a shimmering blue altar of Sif Muna.
  4563 | D:6      | Found a snail-covered altar of Cheibriados.
  4610 | D:6      | HP: 9/49 [wight/+3 halberd (5)]
  4611 | D:6      | 4611 ||| READING 4 scrolls of teleportation.
  4612 | D:6      | 4612 ||| DRINKING potion of heal wounds.
  4677 | D:6      | Found a runed translucent door.
  4891 | D:6      | Identified the +5 sling "Huach" {antimagic, rF+ rC- Will+++
                  | Dex+5}
  4940 | D:6      | Reached skill level 8 in Axes
  5041 | D:6      | Reached skill level 6 in Fighting
  5108 | D:6      | Found an ancient bone altar of Kikubaaqudgha.
  5333 | D:6      | Found a staircase to the Ecumenical Temple.
  5334 | D:6      | 5334 ||| PLANNING TEMPLE
  5334 | D:6      | 5334 ||| UPGRADING to +0 pair of boots.
  5339 | D:6      | 5339 ||| READING 2 scrolls of identify.
  5339 | D:6      | 5339 ||| IDENTIFYING bubbling white potion
  5345 | Temple   | Entered the Ecumenical Temple
  5420 | Temple   | 5420 ||| PLANNING D:1-11
  5521 | D:7      | Reached skill level 9 in Axes
  5521 | D:7      | Reached XP level 9. HP: 38/55 MP: 9/9
  5647 | D:7      | 5647 ||| READING 2 scrolls of enchant armour.
  5647 | D:7      | 5647 ||| ENCHANTING +0 pair of boots.
  5648 | D:7      | 5648 ||| READING scroll of enchant armour.
  5648 | D:7      | 5648 ||| ENCHANTING +1 pair of boots.
  5861 | D:7      | 5861 ||| SWAPPING to +1 war axe of electrocution.
  5862 | D:7      | 5862 ||| DROPPING +0 war axe.
  5863 | D:7      | 5863 ||| DROPPING +0 vampiric hand axe.
  5881 | D:7      | 5881 ||| Stepping ~*~*~tactically~*~*~ (stealth).
  5883 | D:7      | 5883 ||| Stepping ~*~*~tactically~*~*~ (hiding).
  5885 | D:7      | 5885 ||| Stepping ~*~*~tactically~*~*~ (hiding).
  5950 | D:7      | Reached skill level 1 in Throwing
  5969 | D:7      | 5969 ||| Stepping ~*~*~tactically~*~*~ (stealth).
  6140 | D:7      | Found Raruwagi's Tiny Tomes.
  6184 | D:7      | Noticed a hornet
  6199 | D:7      | Killed a hornet
  6398 | D:7      | You fall into a shaft and drop 2 floors!
  6404 | D:9      | 6404 ||| Stepping ~*~*~tactically~*~*~ (stealth).
  6409 | D:9      | Reached skill level 10 in Axes
  6413 | D:9      | Found a stormy altar of Qazlal.
  6427 | D:9      | 6427 ||| Stepping ~*~*~tactically~*~*~ (stealth).
  6434 | D:9      | 6434 ||| Stepping ~*~*~tactically~*~*~ (stealth).
  6442 | D:9      | 6442 ||| Stepping ~*~*~tactically~*~*~ (stealth).
  6474 | D:9      | 6474 ||| Stepping ~*~*~tactically~*~*~ (stealth).
  6475 | D:9      | 6475 ||| Stepping ~*~*~tactically~*~*~ (hiding).
  6477 | D:9      | 6477 ||| Stepping ~*~*~tactically~*~*~ (hiding).
  6478 | D:9      | 6478 ||| Stepping ~*~*~tactically~*~*~ (hiding).
  6492 | D:9      | 6492 ||| Stepping ~*~*~tactically~*~*~ (hiding).
  6493 | D:9      | 6493 ||| Stepping ~*~*~tactically~*~*~ (hiding).
  6519 | D:9      | Reached XP level 10. HP: 62/64 MP: 10/10
  6577 | D:9      | 6577 ||| DROPPING +0 morningstar.
  6758 | D:9      | 6758 ||| Stepping ~*~*~tactically~*~*~ (stealth).
  6778 | D:9      | 6778 ||| Stepping ~*~*~tactically~*~*~ (hiding).
  6815 | D:9      | 6815 ||| Stepping ~*~*~tactically~*~*~ (stealth).
  6818 | D:9      | 6818 ||| Stepping ~*~*~tactically~*~*~ (stealth).
  6819 | D:9      | 6819 ||| Stepping ~*~*~tactically~*~*~ (stealth).
  6879 | D:9      | Found a staircase to the Orcish Mines.
  6883 | D:9      | 6883 ||| Stepping ~*~*~tactically~*~*~ (hiding).
  6961 | D:9      | Noticed a two-headed ogre
  6973 | D:9      | Killed a two-headed ogre
  6974 | D:9      | Reached skill level 11 in Axes
  7119 | D:9      | 7119 ||| UPGRADING to +0 plate armour.
  7129 | D:9      | 7129 ||| DROPPING +0 chain mail.
  7130 | D:9      | 7130 ||| UPGRADING to amulet of reflection.
  7135 | D:9      | 7135 ||| READING 2 scrolls labelled PEJUBOFOSI.
  7136 | D:9      | 7136 ||| READING 2 scrolls labelled FELY PETOMO.
  7137 | D:9      | 7137 ||| READING scroll labelled YDA GOIBUIVIUT.
  7138 | D:9      | 7138 ||| READING 5 scrolls of identify.
  7138 | D:9      | 7138 ||| IDENTIFYING grey potion
  7139 | D:9      | 7139 ||| DROPPING scroll of poison.
  7140 | D:9      | 7140 ||| DROPPING scroll of amnesia.
  7151 | D:8      | 7151 ||| Stepping ~*~*~tactically~*~*~ (hiding).
  7152 | D:8      | 7152 ||| Stepping ~*~*~tactically~*~*~ (hiding).
  7154 | D:8      | 7154 ||| Stepping ~*~*~tactically~*~*~ (hiding).
  7156 | D:8      | 7156 ||| Stepping ~*~*~tactically~*~*~ (stealth).
  7158 | D:8      | 7158 ||| Stepping ~*~*~tactically~*~*~ (hiding).
  7159 | D:8      | 7159 ||| Stepping ~*~*~tactically~*~*~ (hiding).
  7160 | D:8      | 7160 ||| Stepping ~*~*~tactically~*~*~ (hiding).
  7161 | D:8      | 7161 ||| Stepping ~*~*~tactically~*~*~ (hiding).
  7162 | D:8      | 7162 ||| Stepping ~*~*~tactically~*~*~ (hiding).
  7164 | D:8      | Noticed Erica
  7193 | D:8      | HP: 14/64 [something/lance of force (7)]
  7215 | D:8      | Killed Erica
  7325 | D:8      | 7325 ||| Stepping ~*~*~tactically~*~*~ (stealth).
  7479 | D:7      | 7479 ||| Stepping ~*~*~tactically~*~*~ (hiding).
  7527 | D:7      | 7527 ||| Stepping ~*~*~tactically~*~*~ (stealth).
  7741 | D:8      | 7741 ||| Stepping ~*~*~tactically~*~*~ (hiding).
  7761 | D:8      | Noticed a two-headed ogre
  7773 | D:8      | Killed a two-headed ogre
  7774 | D:8      | Reached skill level 9 in Fighting
  7774 | D:8      | Reached XP level 11. HP: 66/72 MP: 11/11
  7807 | D:8      | 7807 ||| Stepping ~*~*~tactically~*~*~ (stealth).
  7808 | D:8      | 7808 ||| Stepping ~*~*~tactically~*~*~ (stealth).
  7812 | D:8      | 7812 ||| Stepping ~*~*~tactically~*~*~ (stealth).
  8183 | D:8      | Noticed a two-headed ogre
  8194 | D:8      | Killed a two-headed ogre
  8236 | D:8      | 8236 ||| READING 7 scrolls of identify.
  8236 | D:8      | 8236 ||| IDENTIFYING puce potion
  8237 | D:8      | 8237 ||| DROPPING potion of brilliance.
  8590 | D:9      | 8590 ||| UPGRADING to +0 pair of gloves.
  8596 | D:9      | 8596 ||| DROPPING amulet of guardian spirit.
  8617 | D:10     | Entered Level 10 of the Dungeon
  8683 | D:10     | 8683 ||| READING scroll of enchant armour.
  8683 | D:10     | 8683 ||| ENCHANTING +0 pair of gloves.
  8825 | D:10     | Found a runed translucent door.
  8838 | D:10     | Noticed a sixfirhy
  8842 | D:10     | Reached skill level 12 in Axes
  8884 | D:10     | Noticed qw's ghost (novice GrCA)
  8886 | D:10     | Identified the ring of Teediath {Ice rN+ rCorr Str-2 Int+2}
  8929 | D:10     | Found a hide-covered altar of Uskayaw.
  9124 | D:10     | 9124 ||| DROPPING amulet of the acrobat.
  9125 | D:10     | 9125 ||| READING 9 scrolls of identify.
  9125 | D:10     | 9125 ||| IDENTIFYING emerald potion
  9126 | D:10     | 9126 ||| DROPPING potion of invisibility.
  9154 | D:11     | 9154 ||| Stepping ~*~*~tactically~*~*~ (hiding).
  9156 | D:11     | 9156 ||| Stepping ~*~*~tactically~*~*~ (hiding).
  9221 | D:11     | Identified the +9 falchion "Ythreug" {flame, rPois Will+
                  | Str+3}
  9257 | D:11     | Noticed a cyclops
  9263 | D:11     | Killed a cyclops
  9264 | D:11     | Reached skill level 9 in Armour
  9281 | D:11     | Noticed Nergalle
  9294 | D:11     | Killed Nergalle
  9296 | D:11     | Noticed Gastronok
  9297 | D:11     | 9297 ||| FLEEEEING.
  9375 | D:11     | Noticed a death yak
  9381 | D:11     | Noticed a death yak
  9394 | D:11     | Killed a death yak
  9395 | D:11     | Reached skill level 6 in Shields
  9399 | D:11     | Killed a death yak
  9413 | D:11     | HP: 7/72 [Gastronok/the air (22)]
  9414 | D:11     | 9414 ||| READING 5 scrolls of teleportation.
  9414 | D:11     | HP: 2/72 [yak (6)]
  9415 | D:11     | 9415 ||| DRINKING 3 potions of heal wounds.
  9416 | D:11     | 9416 ||| DRINKING 2 potions of heal wounds.
  9551 | D:11     | Noticed a boulder beetle
  9552 | D:11     | 9552 ||| Stepping ~*~*~tactically~*~*~ (stealth).
  9569 | D:11     | Killed a boulder beetle
  9570 | D:11     | Reached XP level 12. HP: 75/77 MP: 12/12
  9629 | D:11     | Reached skill level 13 in Axes
  9633 | D:11     | Found a staircase to the Lair.
  9726 | D:11     | Noticed a death yak
  9740 | D:11     | Killed a death yak
  9818 | D:11     | 9818 ||| Stepping ~*~*~tactically~*~*~ (hiding).
  9822 | D:11     | 9822 ||| Stepping ~*~*~tactically~*~*~ (hiding).
  9830 | D:11     | 9830 ||| Stepping ~*~*~tactically~*~*~ (hiding).
  9962 | D:11     | 9962 ||| Stepping ~*~*~tactically~*~*~ (hiding).
 10085 | D:11     | 10085 ||| FLEEEEING.
 10086 | D:11     | 10086 ||| FLEEEEING.
 10087 | D:11     | 10087 ||| FLEEEEING.
 10088 | D:11     | 10088 ||| FLEEEEING.
 10089 | D:11     | 10089 ||| FLEEEEING.
 10090 | D:11     | 10090 ||| FLEEEEING.
 10091 | D:11     | 10091 ||| FLEEEEING.
 10092 | D:11     | 10092 ||| FLEEEEING.
 10093 | D:11     | 10093 ||| FLEEEEING.
 10094 | D:11     | 10094 ||| FLEEEEING.
 10159 | D:11     | 10159 ||| Stepping ~*~*~tactically~*~*~ (hiding).
 10171 | D:11     | Killed Gastronok
 10227 | D:11     | 10227 ||| Stepping ~*~*~tactically~*~*~ (stealth).
 10415 | D:11     | 10415 ||| PLANNING LAIR
 10415 | D:11     | 10415 ||| DRINKING 2 fuming blue potions.
 10416 | D:11     | 10416 ||| READING 9 scrolls of identify.
 10416 | D:11     | 10416 ||| IDENTIFYING lumpy pink potion
 10417 | D:11     | 10417 ||| DROPPING potion of magic.
 10446 | Lair:1   | Entered Level 1 of the Lair of Beasts
 10466 | Lair:1   | 10466 ||| SWAPPING to +0 broad axe.
 10467 | Lair:1   | 10467 ||| DROPPING +2 war axe of electrocution.
 10474 | Lair:1   | 10474 ||| Stepping ~*~*~tactically~*~*~ (stealth).
 10816 | Lair:1   | 10816 ||| Stepping ~*~*~tactically~*~*~ (stealth).
 10989 | Lair:1   | 10989 ||| Stepping ~*~*~tactically~*~*~ (stealth).
 10991 | Lair:1   | 10991 ||| Stepping ~*~*~tactically~*~*~ (stealth).
 11012 | Lair:1   | Reached skill level 14 in Axes
 11239 | Lair:1   | 11239 ||| Stepping ~*~*~tactically~*~*~ (stealth).
 11314 | Lair:1   | 11314 ||| FLEEEEING.
 11315 | Lair:1   | 11315 ||| FLEEEEING.
 11799 | Lair:1   | 11799 ||| READING scroll labelled RAPSA OZXYPT.
 11800 | Lair:1   | 11800 ||| READING scroll labelled BEURUC UTYIN.
 11901 | Lair:1   | 11901 ||| READING 2 scrolls labelled YDA FUUNLAV.
 11902 | Lair:1   | 11902 ||| READING scroll labelled PASERI QIARIF.
 11903 | Lair:1   | 11903 ||| DROPPING scroll of vulnerability.
 11980 | Lair:2   | Reached XP level 13. HP: 84/84 MP: 13/13
 11987 | Lair:2   | Identified the +2 leather armour "Rexesax" {rF+ rCorr Int+6
                  | SInv}
 12064 | Lair:2   | 12064 ||| SWAPPING to +0 demon whip of venom.
 12077 | Lair:2   | 12077 ||| SWAPPING to +0 broad axe.
 12477 | Lair:2   | Reached skill level 15 in Axes
 12854 | Lair:2   | 12854 ||| UPGRADING to +2 buckler.
 12864 | Lair:2   | 12864 ||| DROPPING +0 buckler.
 12865 | Lair:2   | 12865 ||| DRINKING 2 sedimented amethyst potions.
 12866 | Lair:2   | 12866 ||| DRINKING 12 potions of curing.
 12866 | Lair:2   | 12866 ||| (to cure confusion)
 12867 | Lair:2   | 12867 ||| READING 13 scrolls of identify.
 12867 | Lair:2   | 12867 ||| IDENTIFYING cyan potion
 12868 | Lair:2   | 12868 ||| DROPPING potion of ambrosia.
 12915 | Lair:3   | 12915 ||| STAIRDANCE
 13058 | Lair:3   | 13058 ||| Stepping ~*~*~tactically~*~*~ (stealth).
 13085 | Lair:3   | 13085 ||| FLEEEEING.
 13086 | Lair:3   | 13086 ||| FLEEEEING.
 13087 | Lair:3   | 13087 ||| FLEEEEING.
 13088 | Lair:3   | 13088 ||| FLEEEEING.
 13089 | Lair:3   | 13089 ||| FLEEEEING.
 13090 | Lair:3   | 13090 ||| FLEEEEING.
 13091 | Lair:3   | 13091 ||| STAIRDANCE
 13232 | Lair:3   | Found a staircase to the Snake Pit.
 13273 | Lair:3   | 13273 ||| Stepping ~*~*~tactically~*~*~ (stealth).
 13274 | Lair:3   | 13274 ||| Stepping ~*~*~tactically~*~*~ (stealth).
 13458 | Lair:3   | Reached skill level 12 in Fighting
 13634 | Lair:3   | Found a staircase to the Shoals.
 14070 | Lair:3   | 14070 ||| Stepping ~*~*~tactically~*~*~ (stealth).
 14330 | Lair:3   | 14330 ||| READING scroll labelled NOMIHU NEMACRO.
 14381 | Lair:3   | 14381 ||| READING scroll labelled BEAJEL XID QYNG.
 14382 | Lair:3   | 14382 ||| READING 16 scrolls of identify.
 14382 | Lair:3   | 14382 ||| IDENTIFYING sapphire potion
 14383 | Lair:3   | 14383 ||| DROPPING potion of berserk rage.
 14802 | Lair:4   | 14802 ||| Stepping ~*~*~tactically~*~*~ (hiding).
 14804 | Lair:4   | 14804 ||| Stepping ~*~*~tactically~*~*~ (hiding).
 15257 | Lair:5   | Entered Level 5 of the Lair of Beasts
 15273 | Lair:5   | Reached skill level 16 in Axes
 15296 | Lair:5   | 15296 ||| READING scroll of enchant armour.
 15296 | Lair:5   | 15296 ||| ENCHANTING +1 pair of gloves.
 15302 | Lair:5   | Found a viscous altar of Jiyva.
 15321 | Lair:5   | Found a staircase to the Slime Pits.
 15427 | Lair:5   | Gained mutation: Your large and strong wings let you fly.
                  | [Gargoyle growth]
 15427 | Lair:5   | Reached XP level 14. HP: 92/92 MP: 14/14
 15432 | Lair:5   | Noticed a dire elephant
 15432 | Lair:5   | Noticed a dire elephant
 15432 | Lair:5   | Noticed a dire elephant
 15432 | Lair:5   | Noticed a dire elephant
 15472 | Lair:5   | 15472 ||| SWAPPING to +0 demon whip of venom.
 15486 | Lair:5   | 15486 ||| SWAPPING to +0 broad axe of chaos.
 15540 | Lair:5   | 15540 ||| Stepping ~*~*~tactically~*~*~ (stealth).
 15549 | Lair:5   | Reached skill level 3 in Dodging
 15944 | Lair:5   | HP: 19/92 [dire elephant (11)]
 15945 | Lair:5   | 15945 ||| READING 6 scrolls of teleportation.
 15945 | Lair:5   | Slain by a dire elephant

Levels and vault maps discovered:
D:1:      minmay_arrival_glassed_features, layout_basic
D:2:      layout_loops_cross, dreamdust_ecumenical_altar_drowned_temple,
          uniq_robin
D:3:      layout_basic, kennysheep_okawaru_gauntlet, mainiacjoe_overflow_paths,
          nrook_loot_triangle, serial_bayou_ford_a, uniq_terence,
          uniq_crazy_yiuf_cottage, uniq_jessica
D:4:      layout_loops_ring
D:5:      layout_basic, columned_hall_lemuel, uniq_menkaure, uniq_blork_the_orc
D:6:      layout_cave_pools, lemuel_mausoleum_altar_kikubaaqudgha,
          mainiacjoe_overflow_small_starburst, nicolae_overflow_squiral,
          minmay_temple_entry_tees, serial_column_ruins, column_ruins_pillar_7,
          column_ruins_pillar_2, column_ruins_pillar_3, column_ruins_pillar_9,
          column_ruins_pillar_6, column_ruins_pillar_1, column_ruins_pillar_9,
          column_ruins_pillar_2, column_ruins_pillar_7, column_ruins_pillar_9,
          hellmonk_ghost_happy_afterlife
D:7:      minmay_razor_zed, layout_basic, eino_tiny_chamber,
          nicolae_shop_i_like_small_books_too
D:8:      layout_cave_pools, uniq_erica
D:9:      layout_basic, nicolae_qazlal_scattered_showers, erik_orc_3,
          kennysheep_opposing_triangles
D:10:     layout_rooms, nicolae_overflow_crystal_walls, gammafunk_ghost_grave,
          minmay_tree_intersection, minmay_misc_feat_pillars, st_stairs_13
D:11:     layout_basic, dpeg_lair_monsters, uniq_nergalle, uniq_gastronok
Temple:   nicolae_temple_great_sept
Lair:1:   layout_cave_pods, beast_lair_carwin_4
Lair:2:   layout_gridlike
Lair:3:   layout_cave_pods, shoals_dummy_entry,
          minmay_snake_entry_six_corridors, beast_lair_carwin_2
Lair:4:   layout_cave_pods, lemuel_fruit_tree, grunt_megastairs_5
Lair:5:   due_jungle_book, layout_concentric_octagons,
          nicolae_slime_entry_slimehenge

Skill      XL: |  1  2  3  4  5  6  7  8  9 10 11 12 13 14 |
---------------+-------------------------------------------+-----
Axes           | 2 3 4 5 6 7 9 10 11 12 14 16 | 16.0
Fighting       | 4 5 6 8 9 10 11 12 | 12.0
Dodging        | 1 2 3 |  3.0
Armour         | 4 5 7 9 10 11 | 11.7
Shields        | 4 5 6 7 8 |  8.2
Throwing       | 1 2 |  2.8

Action                     |  1- 3 |  4- 6 |  7- 9 | 10-12 | 13-15 || total
---------------------------+-------+-------+-------+-------+-------++-------
  Melee: War axe           |   127 |   145 |   115 |   460 |       ||   847
         Hand axe          |       |       |   391 |       |       ||   391
         Broad axe         |       |       |       |   178 |   459 ||   637
         Demon whip        |       |       |       |       |    25 ||    25
  Throw: Boomerang         |       |       |    12 |    81 |     4 ||    97
         Javelin           |       |       |       |       |    17 ||    17
    Use: Scroll            |     4 |     6 |     5 |    13 |     6 ||    34
         Potion            |       |     1 |     1 |     3 |     2 ||     7
   Stab: Paralysed         |       |       |       |       |     2 ||     2
 Armour: Scale mail        |    83 |    16 |       |       |       ||    99
         Chain mail        |       |    37 |   217 |    44 |       ||   298
         Plate armour      |       |       |       |   220 |   213 ||   433
  Dodge: Dodged            |    66 |    82 |   259 |   239 |   205 ||   851
  Block: Buckler           |    30 |    24 |    90 |   222 |   254 ||   620
         Reflection        |       |       |       |     9 |     2 ||    11

Table legend:
 A = Non-vault XP
 B = Vault XP
 C = Vault XP percentage of total XP
 D = Non-vault monster count
 E = Vault monster count
 F = Vault count percentage of total count
                 A         B        C        D         E       F
            +---------+---------+-------+---------+---------+-------
      Total |   43037 |   15892 |  27.0 |     329 |      96 |  22.6
            +---------+---------+-------+---------+---------+-------
        D:1 |      31 |       0 |   0.0 |      19 |       0 |   0.0
        D:2 |      45 |      29 |  39.2 |      18 |      10 |  35.7
        D:3 |      67 |      73 |  52.1 |       8 |       2 |  20.0
        D:4 |     109 |       0 |   0.0 |      10 |       0 |   0.0
        D:5 |      71 |     263 |  78.7 |       5 |       2 |  28.6
        D:6 |     805 |     733 |  47.7 |      21 |      12 |  36.4
        D:7 |    1793 |     517 |  22.4 |      42 |       7 |  14.3
        D:8 |    2415 |     839 |  25.8 |      19 |       1 |   5.0
        D:9 |    2068 |     809 |  28.1 |      28 |      18 |  39.1
       D:10 |    2038 |     174 |   7.9 |      22 |       1 |   4.3
       D:11 |    5230 |    5699 |  52.1 |      38 |      10 |  20.8
     Lair:1 |    6232 |     948 |  13.2 |      23 |       7 |  23.3
     Lair:2 |    6642 |       0 |   0.0 |      22 |       0 |   0.0
     Lair:3 |    8735 |    4234 |  32.6 |      34 |      17 |  33.3
     Lair:4 |    1905 |     361 |  15.9 |       7 |       1 |  12.5
     Lair:5 |    4851 |    1213 |  20.0 |      13 |       8 |  38.1
            +---------+---------+-------+---------+---------+-------
